 Dungeon Sprint DCSS version 0.17-a0-1804-gf6433eb (webtiles) character file.

879 nuthulu the Grappler (level 7, 0/121 HPs)
             Began as a Troll Berserker on Sept 11, 2015.
             Was an Elder of Trog.
             Slain by an iron imp (2 damage)
             ... summoned by a kobold demonologist
             ... in the Dungeon (Sprint I: "Red Sonja").
             The game lasted 00:01:12 (372 turns).

nuthulu the Grappler (Troll Berserker)               Turns: 372, Time: 00:01:12

Health: 0/121      AC:  5    Str: 31    XL:     7   Next: 75%
Magic:  6/6        EV: 13    Int:  3    God:    Trog [****..]
Gold:   405        SH:  0    Dex: 11    Spells: 0 memorised, 6 levels left

rFire  . . .     SeeInvis .       - Unarmed
rCold  . . .     Clarity  .     a - +0 animal skin
rNeg   . . .     SustAt   .     (no shield)
rPois  .         Gourm    +     (helmet restricted)
rElec  .         Spirit   .     (no cloak)
rCorr  .         Warding  .     (gloves unavailable)
rMut   .         NoTele   +     (boots unavailable)
MR     ++...                    (no amulet)
Stlth  ..........               (no ring)
                                (no ring)

@: berserking, regenerating, very quick, very resistant to hostile enchantments,
extremely unstealthy
A: unfitting armour, claws 3, fast metabolism 3, gourmand, regeneration 2,
shaggy fur 1, tough skin 2
a: Burn Spellbooks, Berserk, Trog's Hand, Brothers in Arms, Renounce Religion


You were in the Dungeon.
You worshipped Trog.
Trog was greatly pleased with you.
You were very full.

You visited 1 branch You collected 405 gold pieces.

Inventory:

Armour
 a - a +0 animal skin (worn)
Scrolls
 h - a scroll of blinking
Potions
 c - a potion of curing
 d - a potion of heal wounds
 e - a potion of haste
 f - 2 potions of magic
 g - a potion of berserk rage
Comestibles
 b - 2 bread rations
 i - 3 chunks of flesh


   Skills:
 + Level 8.8 Fighting
 + Level 8.6 Dodging
 + Level 10.3 Unarmed Combat


You had 6 spell levels left.
You didn't know any spells.

Dungeon Overview and Level Annotations

Branches:
Dungeon (1/1)

Altars:
Cheibriados
Dithmenos
Elyvilon
Fedhas
Gozag
Kikubaaqudgha
Makhleb
Nemelex Xobeh
Okawaru
Qazlal
Ru
Sif Muna
Trog
Vehumet
Xom
Yredelemnul
Zin
The Shining One
Jiyva

Shops:
D %


Innate Abilities, Weirdness & Mutations

You are too large for most types of armour.
You have claws for hands.
Your metabolism is lightning-fast.
You like to eat raw meat.
You heal very quickly.
You are covered in fur (AC +1).
You have very tough skin (AC +2).


Message History

Use which ability?
A red film seems to cover your vision as you go berserk!
You feel yourself moving faster!
You feel mighty!
You feel somewhat less full. The iron imp barely misses you.
The kobold demonologist hits you with a dagger.
* * * LOW HITPOINT WARNING * * *
You claw the kobold demonologist!
The kobold demonologist is severely wounded.
You scratch the kobold demonologist.
Your claw misses the kobold demonologist.
The kobold demonologist is severely wounded.
The sixfirhy barely misses you.
The kobold demonologist hits you with a dagger.
* * * LOW HITPOINT WARNING * * *
The sixfirhy hits you!
* * * LOW HITPOINT WARNING * * *
The sixfirhy shocks you!
* * * LOW HITPOINT WARNING * * *
The iron imp hits you.
You die...

#####################
.').#..'..#__#.5@44.#
.#..').#..'^.'..#K5.#
###'#####'#__####5..+
##..#...#[#### ####
_####..##(#
..__##'#..+
.∩...'..._#
..._##_.#+# ____###+#


You could see a kobold demonologist, 2 sixfirhies, an iron imp, a white imp and
a shadow imp.

Vanquished Creatures
  A kobold demonologist (D)
  A slime creature (D)
  Sigmund (D)
  A yak (D)
  An ogre (D)
  A jelly (D)
  Ijyb (D)
  A giant eyeball (D)
8 creatures vanquished.

Notes
Turn   | Place    | Note
--------------------------------------------------------------
     0 | D        | nuthulu the Troll Berserker began the quest for the Orb.
     0 | D        | Reached XP level 1. HP: 22/22 MP: 0/0
     2 | D        | Noticed Ijyb
     6 | D        | Killed Ijyb
     6 | D        | Reached skill level 4 in Unarmed Combat
     6 | D        | Reached XP level 2. HP: 26/32 MP: 1/1
   118 | D        | Noticed an ogre
   124 | D        | Killed an ogre
   124 | D        | Acquired Trog's second power
   124 | D        | Reached skill level 5 in Fighting
   124 | D        | Reached skill level 5 in Unarmed Combat
   124 | D        | Reached XP level 3. HP: 20/42 MP: 2/2
   124 | D        | Reached XP level 4. HP: 23/50 MP: 3/3
   180 | D        | Noticed Sigmund
   184 | D        | Killed Sigmund
   184 | D        | Reached skill level 6 in Fighting
   184 | D        | Reached skill level 7 in Unarmed Combat
   184 | D        | Reached XP level 5. HP: 61/61 MP: 4/4
   254 | D        | Found a deep blue altar of Sif Muna.
   255 | D        | Noticed a jelly
   256 | D        | Found a radiant altar of Vehumet.
   259 | D        | Killed a jelly
   259 | D        | Reached skill level 8 in Unarmed Combat
   259 | D        | Reached XP level 6. HP: 68/68 MP: 5/5
   275 | D        | Found Teyd's Food Emporium.
   275 | D        | Found a white marble altar of Elyvilon.
   275 | D        | Found a stormy altar of Qazlal.
   275 | D        | Found a basalt altar of Yredelemnul.
   275 | D        | Found an iron altar of Okawaru.
   275 | D        | Found a sparkling altar of Nemelex Xobeh.
   275 | D        | Found a shimmering altar of Xom.
   275 | D        | Found an ancient bone altar of Kikubaaqudgha.
   275 | D        | Noticed a yak
   279 | D        | Killed a yak
   279 | D        | Reached skill level 9 in Unarmed Combat
   280 | D        | Found a burning altar of Makhleb.
   280 | D        | Found a sacrificial altar of Ru.
   280 | D        | Found a glowing golden altar of the Shining One.
   280 | D        | Found an opulent altar of Gozag.
   280 | D        | Found a glowing silver altar of Zin.
   286 | D        | Found a bloodstained altar of Trog.
   315 | D        | Found a viscous altar of Jiyva.
   315 | D        | Found a blossoming altar of Fedhas.
   315 | D        | Noticed a slime creature
   316 | D        | Found a snail-covered altar of Cheibriados.
   316 | D        | Found a shadowy altar of Dithmenos.
   321 | D        | Killed a slime creature
   321 | D        | Reached XP level 7. HP: 80/80 MP: 6/6
   358 | D        | Noticed a kobold demonologist
   359 | D        | Noticed a kobold demonologist
   361 | D        | Noticed a sixfirhy
   367 | D        | Killed a kobold demonologist
   367 | D        | Acquired Trog's third power
   367 | D        | Reached skill level 10 in Unarmed Combat
   370 | D        | Noticed a sixfirhy
   372 | D        | HP: 2/121 [sixfirhy[a kobold demonologist] (8)]
   372 | D        | Slain by an iron imp

Vault maps used:
D:        dungeon_sprint_1

Action                   |  1- 3 |  4- 6 |  7- 9 || total
-------------------------+-------+-------+-------++-------
Melee: Unarmed           |     9 |    11 |    11 ||    31
Invok: Berserk           |       |     2 |     1 ||     3
       Trog's Hand       |       |       |     1 ||     1
  Eat: Chunk             |     3 |     6 |     1 ||    10
